 Dungeon Sprint DCSS version 0.31-a0-818-ge7c7cf74f0 (webtiles) character file.

Game seed: 9738239788091118261

5344 Conn the Arsonist (level 10, -4/63 HPs)
             Began as an Octopode Fire Elementalist on Sept 23, 2023.
             Was the Champion of Sif Muna.
             Shot with an arrow by a cherub (14 damage)
             ... in the Dungeon (Sprint VII: "The Pits").
             The game lasted 00:17:39 (1559 turns).

Conn the Arsonist (Octopode Fire Elementalist)      Turns: 1559, Time: 00:17:40

Health: -4/63      AC:  1    Str:  8    XL:     10   Next: 65%
Magic:  15/25      EV: 18    Int: 25    God:    Sif Muna [******]
Gold:   0          SH:  0    Dex: 12    Spells: 1/31 levels left

rFire   . . .        o - +2 morningstar (protect)
rCold   . . .        (no shield)
rNeg    . . .        (helmet restricted)
rPois   .            (no amulet)
rElec   .            d - +3 ring of evasion
rCorr   .            m - +3 ring of intelligence
SInv    .            (no ring)
Will    .....        (no ring)
Stlth   ++++         (no ring)
HPRegen 0.30/turn    (no ring)
MPRegen 0.19/turn    (no ring)
                     (no ring)

%: no teleportation
@: invisible
A: almost no armour, amphibious, 8 rings, camouflage 1, gelatinous body 1,
(nimble swimmer 1), tentacles
a: Renounce Religion, Channel Magic, Forget Spell, Divine Exegesis


You were in the Dungeon.
You worshipped Sif Muna.
Sif Muna was exalted by your worship.
You visited 1 branch

Inventory:

Hand Weapons
 k - a +2 dagger
 l - a +0 quarterstaff of protection
 o - a +2 morningstar of protection (weapon)
Jewellery
 d - a +3 ring of evasion (left tentacle)
 m - a +3 ring of intelligence (right tentacle)
Scrolls
 f - a scroll of blinking
 h - 2 scrolls of vulnerability
 i - 5 scrolls of amnesia
 j - a scroll of butterflies
Potions
 a - 4 potions of magic
 b - 8 potions of curing
 c - 10 potions of heal wounds
 e - 2 potions of berserk rage
 g - a potion of invisibility
 n - a potion of might


   Skills:
 + Level 3.4 Fighting
 + Level 1.4 Short Blades
 + Level 2.9(3.9) Maces & Flails
 + Level 3.9(4.4) Staves
 + Level 6.3 Dodging
 - Level 6.1 Stealth
 + Level 11.3 Spellcasting
 * Level 10.4 Conjurations
 + Level 2.3 Hexes
 + Level 1.4 Translocations
 + Level 13.0 Fire Magic
 - Level 7.0 Air Magic
 * Level 8.8 Invocations


You had one spell level left.
You knew the following spells:

 Your Spells              Type           Power      Damage    Failure   Level
a - Foxfire               Conj/Fire      100%       2x1d9     1%          1
b - Scorch                Fire           100%       2d9       1%          2
c - Inner Flame           Hex/Fire       51%        N/A       1%          3
d - Flame Wave            Conj/Fire      64%        2d15      1%          4
e - Arcjolt               Conj/Air       27%        1d37      3%          5
f - Iskenderun's Mystic   Conj/Tloc      44%        2d10      3%          4
g - Fireball              Conj/Fire      32%        3d14      1%          5
h - Starburst             Conj/Fire      32%        6d10      5%          6

Your spell library contained the following spells:

 Spells                   Type           Power      Damage    Failure   Level
 Magic Dart               Conj           100%       1d8       1%          1
 Shock                    Conj/Air       100%       1d9       1%          1
 Hailstorm                Conj/Ice       40%        3d10      1%          3
 Swiftness                Air            49%        N/A       1%          3
 Volatile Blastmotes      Fire/Tloc      100%       2d18      1%          3
 Sticky Flame             Conj/Fire      64%        2d8       1%          4
 Iskenderun's Battlesphe  Conj           60%        2d11      1%          5
 Sublimation of Blood     Necr           14%        N/A       6%          2
 Vhi's Electric Charge    Tloc/Air       70%        N/A       8%          4
 Summon Lightning Spire   Summ/Air       31%        N/A       10%         4
 Freezing Cloud           Conj/Ice/Air   21%        6-21      11%         5
 Plasma Beam              Fire/Air       29%        2x1d42    11%         6
 Frozen Ramparts          Ice            28%        1d5       13%         3
 Conjure Ball Lightning   Conj/Air       27%        3x3d8     19%         6
 Summon Ice Beast         Ice/Summ       14%        N/A       38%         4
 Summon Mana Viper        Hex/Summ       20%        N/A       58%         5
 Malign Gateway           Summ/Tloc      8%         N/A       100%        7
 Infestation              Necr           7%         N/A       100%        8
 Maxwell's Capacitive Co  Air            24%        ∞         100%        8


Dungeon Overview and Level Annotations

Branches:
Dungeon (1/1)

Altars:
Ashenzari
Cheibriados
Dithmenos
Elyvilon
Fedhas
Gozag
Hepliaklqana
Kikubaaqudgha
Makhleb
Nemelex Xobeh
Okawaru
Qazlal
Ru
Sif Muna
Trog
Uskayaw
Vehumet
Wu Jian
Xom
Yredelemnul
Zin
The Shining One
Jiyva
Lugonu


Innate Abilities, Weirdness & Mutations

You cannot wear most types of armour.
You are amphibious.
You can wear up to eight rings at the same time.
Your skin changes colour to match your surroundings (Stealth+).
Your rubbery body absorbs attacks. (AC +1, EV +1)
((You are camouflaged when in or above water. (Stealth+)))
You have tentacles for arms and can constrict up to eight enemies at once.


Message History

The minotaur misses you. The minotaur barely misses you.
Casting: Iskenderun's Mystic Blast (dangerous; 4% risk of failure)
Confirm with . or Enter, or press ? or * to list all spells.
Okay, then.
Casting: Iskenderun's Mystic Blast (dangerous; 4% risk of failure)
Confirm with . or Enter, or press ? or * to list all spells.
Casting: Starburst (quite dangerous; 6% risk of failure)
Press: ? - help, Dir - look around, f - activate The bolt of fire hits the minotaur!!!
You kill the minotaur!
Sif Muna accepts your kill.
The bolt of fire hits the elephant!!
The elephant is heavily wounded.
The sixfirhy barely misses you.
Your Spellcasting skill increases to level 11!
Your Conjurations skill increases to level 10!
Your Translocations skill increases to level 1!
Your Fire Magic skill increases to level 13!
Unknown command.
Unknown command.
The minotaur throws a silver javelin.
The silver javelin pierces through the sixfirhy!!
A cherub comes into view.
It is wielding a +3 long sword of flaming.
You feel less invigorated. The sixfirhy hits you. The sixfirhy shocks you!
The sixfirhy hits you! The sixfirhy shocks you!
Casting: Starburst (quite dangerous; 5% risk of failure)
Confirm with . or Enter, or press ? or * to list all spells.
Casting: Starburst (quite dangerous; 5% risk of failure)
Press: ? - help, Dir - look around, f - activate The bolt of fire hits the sixfirhy!!!
You kill the sixfirhy!
Sif Muna accepts your kill.
The cherub unwields a +3 long sword of flaming.
It stops flaming.
The cherub wields a +0 shortbow.
The cherub shoots an arrow.
The arrow completely misses you.
The cherub shoots an arrow.
The arrow hits you!!
* * * LOW HITPOINT WARNING * * *
The minotaur throws a silver javelin.
The silver javelin barely misses you.
The cherub shoots an arrow.
The arrow hits you!
You die...

########## #.........
#......... #.@# ## #..## #r
#..#.# #3# #..# G# #Y# #..# y#
#Z# #H.# .#.#
#..#####'#########
#############..A..HA..........
#_________.##.................


You could see a minotaur (unable to see you) and a cherub.

Vanquished Creatures
  A minotaur (D)
  A sixfirhy (D)
  2 deep elf pyromancers (D)
  A smoke demon (D)
  A red devil (D)
  A troll (D)
  A hornet (D)
  6 dream sheep (D)
  A jumping spider (D)
  A flying skull (D)
  A chaos spawn (D)
  A small abomination (D)
  A fire bat (D)
  Menkaure (D)
  3 floating eyes (D)
  A bullfrog (D)
  A gnoll sergeant (D)
  3 orc priests (D)
  A gnoll bouda (D)
  An iron imp (D)
  3 orc wizards (D)
  A mummy (D)
  9 gnolls (D)
  An ufetubus (D)
  6 orcs (D)
  A giant cockroach (D)
  5 jackals (D)
  A quokka (D)
  A ball python zombie (D)
  2 goblins (D)
  A rat (D)
61 creatures vanquished.

Vanquished Creatures (others)
  49 foxfires (D)
49 creatures vanquished.

Grand Total: 110 creatures vanquished

Notes
Turn   | Place    | Note
-------+----------+-------------------------------------------
     0 | D        | Conn the Octopode Fire Elementalist began the quest for the
                  | Orb.
     0 | D        | Reached XP level 1. HP: 11/11 MP: 3/3
    48 | D        | Found a bloodstained altar of Trog.
    48 | D        | Found a shimmering blue altar of Sif Muna.
    48 | D        | Found a viscous altar of Jiyva.
    48 | D        | Found a hazy altar of Hepliaklqana.
    48 | D        | Found an opulent altar of Gozag.
    49 | D        | Found a glowing golden altar of the Shining One.
    49 | D        | Found a glowing silver altar of Zin.
    49 | D        | Found a basalt altar of Yredelemnul.
    49 | D        | Found a shimmering altar of Xom.
    49 | D        | Found an ornate altar of the Wu Jian Council.
    49 | D        | Found a sacrificial altar of Ru.
    49 | D        | Found a stormy altar of Qazlal.
    49 | D        | Found an iron altar of Okawaru.
    49 | D        | Found a sparkling altar of Nemelex Xobeh.
    49 | D        | Found a burning altar of Makhleb.
    49 | D        | Found a blossoming altar of Fedhas.
    49 | D        | Found a white marble altar of Elyvilon.
    49 | D        | Found a shadowy altar of Dithmenos.
    49 | D        | Found a snail-covered altar of Cheibriados.
    50 | D        | Found a radiant altar of Vehumet.
    50 | D        | Found a corrupted altar of Lugonu.
    51 | D        | Found an ancient bone altar of Kikubaaqudgha.
    51 | D        | Found a hide-covered altar of Uskayaw.
    51 | D        | Found a broken altar of Ashenzari.
    52 | D        | Became a worshipper of Sif Muna the Loreminder
    64 | D        | Noticed a floating eye
    65 | D        | Paralysed by a floating eye for 3 turns
    72 | D        | Killed a floating eye
    73 | D        | Reached skill level 6 in Fire Magic
    73 | D        | Reached XP level 2. HP: 17/17 MP: 2/6
    73 | D        | Reached XP level 3. HP: 21/21 MP: 2/8
    73 | D        | Reached XP level 4. HP: 27/27 MP: 2/9
   140 | D        | Learned a level 2 spell: Scorch
   144 | D        | Learned a level 3 spell: Inner Flame
   149 | D        | Learned a level 4 spell: Flame Wave
   150 | D        | Noticed a floating eye
   152 | D        | Reached * piety under Sif Muna
   155 | D        | Killed a floating eye
   156 | D        | Reached skill level 5 in Stealth
   156 | D        | Reached skill level 8 in Fire Magic
   156 | D        | Reached XP level 5. HP: 31/31 MP: 4/12
   158 | D        | Reached ** piety under Sif Muna
   223 | D        | Reached skill level 5 in Spellcasting
   223 | D        | Reached XP level 6. HP: 36/36 MP: 2/13
   363 | D        | Reached *** piety under Sif Muna
   364 | D        | Reached skill level 5 in Conjurations
   365 | D        | Noticed a fire bat
   365 | D        | Noticed a flying skull
   408 | D        | Killed a flying skull
   409 | D        | Reached skill level 1 in Short Blades
   409 | D        | Reached skill level 9 in Fire Magic
   415 | D        | Reached skill level 5 in Dodging
   427 | D        | Reached **** piety under Sif Muna
   486 | D        | Reached skill level 10 in Fire Magic
   486 | D        | Reached XP level 7. HP: 34/42 MP: 11/16
   490 | D        | Noticed Menkaure
   625 | D        | Reached ***** piety under Sif Muna
   625 | D        | Received a gift from Sif Muna
   626 | D        | Reached skill level 1 in Invocations
   633 | D        | Killed Menkaure
   634 | D        | Reached skill level 1 in Fighting
   634 | D        | Reached skill level 1 in Staves
   640 | D        | Learned a level 5 spell: Arcjolt
   737 | D        | Killed a fire bat
   738 | D        | Reached skill level 1 in Air Magic
   825 | D        | Noticed a deep elf pyromancer
   831 | D        | Killed a deep elf pyromancer
   832 | D        | Reached skill level 1 in Hexes
   832 | D        | Reached skill level 11 in Fire Magic
   832 | D        | Reached XP level 8. HP: 50/50 MP: 13/20
   881 | D        | Identified Sif Muna's Guide on Snow and Arcane Weapons (Sif
                  | Muna gifted it to you in the Dungeon)
   881 | D        | Received a gift from Sif Muna
   888 | D        | Learned a level 4 spell: Iskenderun's Mystic Blast
   952 | D        | Noticed a troll
   955 | D        | HP: 2/50 [troll (14)]
   956 | D        | Killed a troll
   957 | D        | Reached skill level 5 in Invocations
  1157 | D        | Noticed a dream sheep
  1157 | D        | Noticed a dream sheep
  1159 | D        | Noticed a dream sheep
  1161 | D        | Killed a dream sheep
  1161 | D        | Identified Zuamaah's Handbook of Vapour and Sidekicks (Sif
                  | Muna gifted it to you in the Dungeon)
  1161 | D        | Received a gift from Sif Muna
  1161 | D        | Killed a dream sheep
  1162 | D        | Reached XP level 9. HP: 55/55 MP: 13/22
  1167 | D        | Reached skill level 5 in Air Magic
  1175 | D        | Reached skill level 12 in Fire Magic
  1178 | D        | Identified Sif Muna's Lessons on the Conflagrant Atmosphere
                  | (Sif Muna gifted it to you in the Dungeon)
  1178 | D        | Received a gift from Sif Muna
  1179 | D        | Reached skill level 10 in Spellcasting
  1334 | D        | Noticed a red devil
  1339 | D        | Noticed a deep elf pyromancer
  1341 | D        | Noticed a smoke demon
  1346 | D        | Killed a deep elf pyromancer
  1347 | D        | Reached skill level 1 in Maces & Flails
  1347 | D        | Reached XP level 10. HP: 57/62 MP: 10/24
  1354 | D        | Killed a smoke demon
  1467 | D        | Reached ****** piety under Sif Muna
  1467 | D        | Identified Sif Muna's Catalogue of Hurtful Necromancy (Sif
                  | Muna gifted it to you in the Dungeon)
  1467 | D        | Received a gift from Sif Muna
  1479 | D        | Learned a level 5 spell: Fireball
  1486 | D        | Learned a level 6 spell: Starburst
  1535 | D        | Noticed an elephant
  1535 | D        | Noticed a minotaur
  1535 | D        | Noticed a minotaur
  1536 | D        | Noticed a death cob
  1539 | D        | Noticed a sixfirhy
  1550 | D        | Killed a minotaur
  1551 | D        | Reached skill level 10 in Conjurations
  1551 | D        | Reached skill level 1 in Translocations
  1551 | D        | Reached skill level 13 in Fire Magic
  1551 | D        | Noticed a cherub
  1554 | D        | Killed a sixfirhy
  1559 | D        | Shot with an arrow by a cherub

Illustrated notes

Levels and vault maps discovered:
D:        pitsprint [storerooms_1, entrance_room_1, metal_vault_5, armoury_2,
          mini_pit_1, grid_room_1, main_hall_1, silver_pit, the_coven_1,
          the_vestibule_1, steel_vault_2, golden_pit, hallway_of_sentries,
          crystal_vault_4, iron_vault_1, final_vault]

Skill      XL: |  1  2  3  4  5  6  7  8  9 10 |
---------------+-------------------------------+-----
Dodging        | 3 4 5 6 |  6.3
Stealth        | 4 5 6 |  6.1
Spellcasting   | 3 4 5 6 8 9 10 11 | 11.3
Conjurations   | 3 4 6 7 8 9 10 | 10.4
Fire Magic     | 6 8 10 11 12 13 | 13.0
Short Blades   | 1 |  1.4
Invocations    | 4 5 7 8 |  8.8
Fighting       | 2 3 |  3.4
Staves         | 2 3 |  3.9
Air Magic      | 3 4 6 7 |  7.0
Hexes          | 1 2 |  2.3
Maces & Flails | 1 2 |  2.9
Translocations | 1 |  1.4

Action                     |  1- 3 |  4- 6 |  7- 9 | 10-12 || total
---------------------------+-------+-------+-------+-------++-------
  Melee: Tentacles         |     3 |     3 |     8 |       ||    14
         Unarmed           |     3 |       |       |       ||     3
         Dagger            |     2 |     5 |       |       ||     7
         Constrict         |     2 |     3 |     8 |       ||    13
         Quarterstaff      |       |     6 |    16 |       ||    22
         Punch             |       |       |     3 |       ||     3
         Morningstar       |       |       |    14 |       ||    14
   Cast: Foxfire           |     4 |     8 |    15 |     1 ||    28
         Scorch            |       |     7 |    23 |     4 ||    34
         Flame Wave        |       |     3 |     3 |     1 ||     7
         Inner Flame       |       |     1 |     7 |       ||     8
         Iskenderun's Myst |       |       |       |    11 ||    11
         Starburst         |       |       |       |     4 ||     4
         Fireball          |       |       |       |     2 ||     2
         Arcjolt           |       |       |       |     1 ||     1
 Invoke: Channel Magic     |       |       |       |     3 ||     3
    Use: Potion            |       |     5 |     3 |     2 ||    10
 Armour: Skin              |     3 |    12 |    26 |    11 ||    52
  Dodge: Dodged            |       |    20 |    28 |    18 ||    66

Table legend: (Time is in decaauts)
 A = Elapsed time spent in this place.
 B = Non-inter-level travel time spent in this place.
 C = Inter-level travel time spent in this place.
 D = Time resting spent in this place.
 E = Time spent auto-exploring this place.
 F = Levels seen in this place.
 G = Mean time per level.
                   A        B        C        D        E       F      G
               +--------+--------+--------+--------+--------+-----+--------+
         Total |   1559 |   1559 |      0 |    718 |     43 |   1 | 1559.0 |
       Dungeon |   1559 |   1559 |      0 |    718 |     43 |   1 | 1559.0 |
               +--------+--------+--------+--------+--------+-----+--------+

Top non-repeatable levels by time:
       D: 1559 daAuts
